 Dungeon Crawl Stone Soup version 0.29.1 (webtiles) character file.

Game seed: 11581324176869566553

99 funnyparkerb the Cudgeller (level 4, -7/28 HPs)
             Began as a Gargoyle Fighter on Sept 12, 2022.
             Mangled by Sigmund
             ... wielding a +7 vorpal scythe
              (9 damage)
             ... on level 2 of the Dungeon.
             The game lasted 00:01:50 (1296 turns).

funnyparkerb the Cudgeller (Gargoyle Fighter)       Turns: 1296, Time: 00:01:51

Health: -7/28      AC: 10    Str: 20    XL:     4   Next: 72%
Magic:  4/4        EV:  9    Int:  8    God:
Gold:   15         SH:  4    Dex: 11    Spells: 3/3 levels left

rFire   . . .      SeeInvis .   a - +0 flail
rCold   . . .      Faith    .   c - +0 buckler
rNeg    + . .      Spirit   .   b - +0 scale mail
rPois   ∞          Reflect  .   (no helmet)
rElec   +          Harm     .   (no cloak)
rCorr   .          Rampage  .   (no gloves)
Will    .....                   (no boots)
Stlth   ..........              (no amulet)
HPRegen 0.09/turn               (no ring)
MPRegen 0.09/turn               (no ring)

@: no status effects
A: sickness immunity, AC +3, negative energy resistance 1, electricity
resistance, torment resistance 1, petrification resistance
a: no special abilities


You were on level 2 of the Dungeon.
You visited 1 branch of the dungeon, and saw 3 of its levels.

You collected 15 gold pieces.

Inventory:

Hand Weapons
 a - a +0 flail (weapon)
Missiles
 f - 6 boomerangs (quivered)
Armour
 b - a +0 scale mail (worn)
 c - a +0 buckler (worn)
Scrolls
 e - a scroll of identify {unknown}
Potions
 g - a potion of attraction {unknown}


   Skills:
 - Level 3.2 Fighting
 + Level 4.8 Maces & Flails
 - Level 3.2 Armour
 - Level 3.2 Shields


You had 3 spell levels left.
You didn't know any spells.
Your spell library was empty.

Dungeon Overview and Level Annotations

Branches:
Dungeon (3/15)

Altars:

Annotations:
D:2 Sigmund


Innate Abilities, Weirdness & Mutations

You are immune to sickness and miasma.
Your stone body is resilient. (AC +3)
You are immune to poison.
You resist negative energy. (rN+)
You are resistant to electric shocks. (rElec)
You are resistant to unholy torment.
You are immune to petrification.


Message History

You sock the ball python!
You kill the ball python!
No target in view!
No target in view!
HP restored.
You see here a worm corpse.
You open the door.
A quokka and a kobold come into view.
The kobold shouts!
You hear a shout!
Sigmund the Dreaded comes into view.
He is wielding a +7 vorpal scythe.
Sigmund shouts!
The kobold hits you with a +0 short sword.
There is an open door here.
You sock the kobold!
You kill the kobold!
Sigmund casts a spell.
Sigmund flickers and vanishes!
Deactivating autopickup; reactivate with Ctrl-A.
The quokka bites you but does no damage.
You closely miss the quokka.
The quokka bites you but does no damage.
You hit the quokka.
The quokka is almost dead.
The quokka bites you but does no damage.
Something hits you!
The quokka bites you but does no damage.
You are too injured to fight recklessly!
You are too injured to fight recklessly!
You hit the quokka but do no damage.
The quokka is almost dead.
The quokka barely misses you. Something hits you!
* * * LOW HITPOINT WARNING * * *
x2 The quokka barely misses you.
You see here a +0 spear.
The quokka attacks as you move away! The quokka barely misses you.
Items here: )) ÷÷.
You hit the quokka.
You kill the quokka!
Something hits you!
You die...

#..........# #..........#
........# ### # #.....# ..#
#.#..#### ########.#
#....).†## .......#.#
#.###..##.>#
.....#.######.....##.###.##
#..#...)@.......##.......
#.)'...####.....#####.###
#..#.).# ##### #.#
.....#†#.### #.#
.......#.#...# #†#
########.#.#.############.#
.........#.#....†........†###
##.........##########.......<
########### #........


There were no monsters in sight!

Vanquished Creatures
  4 gnolls (D:2)
  2 adders (D:2)
  3 worms (D:2)
  An endoplasm (D:1)
  2 giant cockroaches
  4 hobgoblins (D:2)
  6 jackals
  A quokka (D:2)
  3 ball pythons
  2 bats
  2 frilled lizards
  4 kobolds
  A rat (D:1)
35 creatures vanquished.

Notes
Turn   | Place    | Note
-------+----------+-------------------------------------------
     0 | D:1      | funnyparkerb the Gargoyle Fighter began the quest for the
                  | Orb.
     0 | D:1      | Reached XP level 1. HP: 14/14 MP: 1/1
   158 | D:1      | Reached XP level 2. HP: 19/19 MP: 2/2
   325 | D:1      | You fall into a shaft and drop 1 floor!
   362 | D:2      | Reached skill level 3 in Maces & Flails
   369 | D:2      | Reached XP level 3. HP: 16/23 MP: 3/3
   844 | D:2      | Reached skill level 4 in Maces & Flails
   890 | D:2      | Reached XP level 4. HP: 7/28 MP: 4/4
  1286 | D:2      | Noticed Sigmund
  1296 | D:2      | Mangled by Sigmund

Illustrated notes

Levels and vault maps discovered:
D:1:      heliophobic_arrival_ceremonial_halls, layout_loops_corners
D:2:      layout_rooms, hellmonk_ecumenical_altar_inner_sanctum,
          uniq_crazy_yiuf_cottage, uniq_sigmund
D:3:      layout_loops_cross, nicolae_hexahallways, minmay_starry_boxes,
          uniq_terence, uniq_jessica

Skill      XL: |  1  2  3 |
---------------+----------+-----
Maces & Flails | 3 4 |  4.8
Fighting       | |  3.2
Armour         | |  3.2
Shields        | |  3.2

Action                   |  1- 3 |  4- 6 || total
-------------------------+-------+-------++-------
Melee: Flail             |    96 |    24 ||   120
Throw: Boomerang         |     8 |       ||     8
  Use: Potion            |     1 |       ||     1
Armor: Scale mail        |    54 |    11 ||    65
Dodge: Dodged            |    37 |    11 ||    48
Block: Buckler           |    26 |     5 ||    31
